 Dungeon Crawl Stone Soup version 0.24-a0-640-ge7cd8ce796 (webtiles) character file.

Game seed: 1849534873227677329, levelgen mode: deterministic

296 D1HalberdGnoll the Sneak (level 6, -13/37 HPs)
             Began as a Kobold Assassin on Sept 24, 2019.
             Killed by divine providence
             ... invoked by an orc priest
              (14 damage)
             ... on level 3 of the Dungeon.
             The game lasted 00:06:21 (3682 turns).

D1HalberdGnoll the Sneak (Kobold Assassin)          Turns: 3682, Time: 00:06:22

Health: -13/37     AC:  8    Str: 12 (15) XL:     6   Next: 62%
Magic:  6/6        EV: 14    Int: 15 (18) God:
Gold:   180        SH:  0    Dex: 15 (17) Spells: 5/5 levels left

rFire    + + .     SeeInvis .   a - +2 dagger
rCold    + . .     Gourm    .   (shield restricted)
rNeg     + . .     Faith    .   u - +2 ring mail {rF+}
rPois    +         Spirit   .   (no helmet)
rElec    +         Reflect  .   c - +0 cloak
rCorr    +         Harm     .   (no gloves)
MR       .....                  (no boots)
Stlth    +++.......             (no amulet)
HPRegen  0.12/turn              o - ring of positive energy
MPRegen  0.10/turn              r - +6 ring of strength

@: brilliant, resistant
A: small, carnivore
a: no special abilities


You were on level 3 of the Dungeon.
You were very full.

You visited 1 branch of the dungeon, and saw 4 of its levels.

You collected 180 gold pieces.

Inventory:

Hand Weapons
 a - a +2 dagger (weapon)
Missiles
 d - 22 poisoned darts (quivered)
 e - 2 curare-tipped darts
Armour
 c - a +0 cloak (worn)
 u - a +2 ring mail of fire resistance (worn)
Jewellery
 o - a ring of positive energy (left hand)
 r - a +6 ring of strength (right hand)
Scrolls
 b - a scroll of immolation {unknown}
 g - 3 scrolls of fog {unknown}
 k - a scroll of blinking {unknown}
 l - a scroll of remove curse {unknown}
 m - 2 scrolls of enchant armour {unknown}
 n - a scroll of enchant weapon {unknown}
 p - a scroll of amnesia {unknown}
 q - a scroll of identify {unknown}
Potions
 s - a potion of agility
Comestibles
 f - 5 rations


   Skills:
 + Level 3.4 Fighting
 + Level 4.2 Short Blades
 + Level 3.4 Throwing
 + Level 3.1 Dodging
 * Level 7.4 Stealth


You had 5 spell levels left.
You didn't know any spells.
Your spell library was empty.

Dungeon Overview and Level Annotations

Branches:
Dungeon (4/15)
 Temple: D:4-7

Altars:
Ashenzari
Cheibriados
Hepliaklqana

Annotations:
D:3 exclusion: downstairs


Innate Abilities, Weirdness & Mutations

You are small and have problems with some larger weapons.
You are carnivorous and can eat meat at any time.


Message History

You hit the orc priest.
The orc priest is almost dead.
The orc priest looks more healthy.
The orc priest hits you with a +0 club.
* * * LOW HITPOINT WARNING * * *
The orc priest hits you.
* * * LOW HITPOINT WARNING * * *
Okay, then.
Your ring mail prevents you from hitting the orc priest.
The orc priest is almost dead.
The orc priest barely misses you.
You hit the orc priest but do no damage.
The orc priest is almost dead.
The orc priest looks satisfied for a moment.
You barely miss the orc priest.
The orc priest is almost dead.
The orc priest hits you.
* * * LOW HITPOINT WARNING * * *
The orc priest calls down the wrath of Beogh upon you.
Beogh smites you!
You die...

#######..##...####
.........#.....##
##..............##
#................#
#....[[..........#
.................#
.................#
##....(..........#
##.........)..o@#
##.....#.....#o###
#############().#
###)###### ########
#........#
.......#########........#
.............#..........#
########.#..........#####
#.._............#


You could see 2 orc priests.

Vanquished Creatures
  An orc priest (D:3)
  2 orc wizards (D:3)
  Natasha (D:2)
  6 adders
  3 gnolls (D:2)
  2 oozes
  A worm (D:3)
  2 dart slugs
  3 leopard geckos
  17 orcs (D:3)
  4 bats
  4 giant cockroaches
  7 goblins
  4 hobgoblins
  2 jackals (D:3)
  6 kobolds
  2 quokkas (D:3)
  5 ball pythons
  3 frilled lizards
  2 rats
77 creatures vanquished.

Notes
Turn   | Place    | Note
-------+----------+-------------------------------------------
     0 | D:1      | D1HalberdGnoll the Kobold Assassin began the quest for the
                  | Orb.
     0 | D:1      | Reached XP level 1. HP: 12/12 MP: 1/1
   297 | D:1      | Reached XP level 2. HP: 18/18 MP: 2/2
   799 | D:2      | Found a snail-covered altar of Cheibriados.
   804 | D:2      | Reached XP level 3. HP: 12/22 MP: 3/3
   993 | D:2      | Noticed Natasha
   995 | D:2      | Killed Natasha
   995 | D:2      | Reached skill level 6 in Stealth
   995 | D:2      | Reached XP level 4. HP: 27/27 MP: 4/4
  1322 | D:2      | Found a shattered altar of Ashenzari.
  1839 | D:2      | Reached XP level 5. HP: 30/32 MP: 5/5
  2726 | D:3      | Reached skill level 7 in Stealth
  2746 | D:3      | Found a hazy altar of Hepliaklqana.
  2772 | D:3      | Reached XP level 6. HP: 18/37 MP: 6/6
  3682 | D:3      | HP: 1/37 [orc priest (2)]
  3682 | D:3      | Killed from afar by an orc priest

Levels and vault maps discovered:
D:1:      minmay_arrival_open_corners, layout_basic
D:2:      layout_basic, marbit_many_paths, kennysheep_slug_shrine, uniq_natasha
D:3:      layout_rooms, lemuel_crystal_altar
D:4:      layout_gridville, minmay_temple_entry_sparse_star, serial_shops, shop

Skill      XL: |  1  2  3  4  5  6 |
---------------+-------------------+-----
Short Blades   | 3 4 |  4.2
Dodging        | 2 3 |  3.1
Stealth        | 6 7 |  7.4
Throwing       | 3 |  3.4
Fighting       | 3 |  3.4

Action                   |  1- 3 |  4- 6 || total
-------------------------+-------+-------++-------
Melee: Dagger            |    36 |   228 ||   264
Throw: Dart              |     1 |    70 ||    71
  Use: Potion            |       |     7 ||     7
 Stab: Sleeping          |     8 |     9 ||    17
  Eat: Chunk             |     3 |    12 ||    15
Armor: Leather armour    |     4 |    20 ||    24
       Robe              |     1 |       ||     1
       Ring mail         |       |    27 ||    27
Dodge: Dodged            |    15 |   166 ||   181

Table legend:
 A = Non-vault XP
 B = Vault XP
 C = Vault XP percentage of total XP
 D = Non-vault monster count
 E = Vault monster count
 F = Vault count percentage of total count
                 A         B        C        D         E       F
            +---------+---------+-------+---------+---------+-------
      Total |     382 |      42 |   9.9 |      74 |       3 |   3.9
            +---------+---------+-------+---------+---------+-------
        D:1 |      25 |       0 |   0.0 |      12 |       0 |   0.0
        D:2 |      85 |      42 |  33.1 |      15 |       3 |  16.7
        D:3 |     272 |       0 |   0.0 |      47 |       0 |   0.0
            +---------+---------+-------+---------+---------+-------
